 Dungeon Crawl Stone Soup version 0.30-a0-576-g89cddaab80 (webtiles) character file.

Game seed: 12210135900627335301

1845136 cforsyth the Iron Dragon (level 27, 227/234 HPs)
             Began as a Grey Draconian Conjurer on Dec 30, 2022.
             Was the Champion of Vehumet.
             Escaped with the Orb
             ... and 4 runes!
             The game lasted 05:12:53 (108629 turns).

cforsyth the Iron Dragon (DrCj)                   Turns: 108629, Time: 05:12:53

Health: 227/234    AC: 32    Str:  8      XL:     27
Magic:  61/61      EV: 25    Int: 31      God:    Vehumet [******]
Gold:   6267       SH: 18    Dex: 20 (21) Spells: 15/76 levels left

rFire   + . .      SeeInvis .    M - +11 scimitar of Eternal Vigilance {heavy, rPois rC+ MP+9 Dex-3}
rCold   + . .      Faith    .    P - +5 kite shield {reflect}
rNeg    . . .      Spirit   .    (body armour unavailable)
rPois   +          Reflect  +    T - +5 hat of Howling Wind {Dex+4}
rElec   +          Harm     +    H - +2 cloak of Qiboniq {rElec rPois Regen+}
rCorr   +          Rampage  .    y - +2 pair of gloves {Str+3}
Will    ++++.                    Z - +2 pair of boots "Nerhipeu" {Harm +Inv}
Stlth   +                        c - amulet "Bollexog" {RegenMP rPois rCorr Str-5 Dex+3}
HPRegen 1.39/turn                x - ring of Xougunosch {rPois Will+ rCorr Dex+3 Slay-2}
MPRegen 0.77/turn                Q - ring of Vesaituu {Fly rF+ Will+ Dex+3}

@: flying, glowing, studying Air Magic
A: AC +18, amphibious, unfitting armour, cold-blooded, deterioration 1, mutation
resistance 1, screaming 1
0: Orb of Zot
}: 4/15 runes: decaying, slimy, silver, gossamer
a: Renounce Religion, Evoke Invisibility


You escaped.
You worshipped Vehumet.
Vehumet was exalted by your worship.
You visited 11 branches of the dungeon, and saw 53 of its levels.
You visited the Abyss 1 time.
You visited 1 bazaar.
You also visited: Trove, Bailey and Ice Cave.

You collected 11224 gold pieces.
You spent 4957 gold pieces at shops.

Inventory:

Hand Weapons
 M - the +11 scimitar of Eternal Vigilance (weapon) {heavy, rPois rC+ MP+9 Dex-3}
   (You found it in a treasure trove)

   It deals dramatically more damage, but attacks with it are much slower.
   Dex:       It affects your dexterity (-3).
   rC:        It protects you from cold.
   rPois:     It protects you from poison.
   MP:        It affects your magic capacity (+9).
Armour
 y - a +2 pair of gloves of strength (worn)
 H - the +2 cloak of Qiboniq (worn) {rElec rPois Regen+}
   (You found it on level 4 of the Swamp)

   rElec:     It insulates you from electricity.
   rPois:     It protects you from poison.
   Regen:     It increases your rate of health regeneration.
 J - the -1 pair of boots of Dim Light {Rampage rN+++ Str-4 Dex+2}
   (You found it on level 5 of the Vaults)

   Str:       It affects your strength (-4).
   Dex:       It affects your dexterity (+2).
   rN:        It renders you almost immune to negative energy.
   Rampage:   It bestows one free step when moving towards enemies.
 P - a +5 kite shield of reflection (worn)
 T - the +5 hat of Howling Wind (worn) {Dex+4}
   (You bought it in a shop in a bazaar)

   Dex:       It affects your dexterity (+4).
 Z - the +2 pair of boots "Nerhipeu" (worn) {Harm +Inv}
   (You bought it in a shop on level 1 of the Orcish Mines)

   +Inv:      It lets you turn invisible.
   Harm:      It increases damage dealt and taken.
Magical Staves
 b - a staff of conjuration
Jewellery
 c - the amulet "Bollexog" (around neck) {RegenMP rPois rCorr Str-5 Dex+3}
   (You found it on level 5 of the Pits of Slime)

   [amulet of magic regeneration]

   It increases your rate of magic regeneration.
   Str:       It affects your strength (-5).
   Dex:       It affects your dexterity (+3).
   rPois:     It protects you from poison.
   rCorr:     It protects you from acid and corrosion.
 q - a ring of see invisible
 x - the ring of Xougunosch (left hand) {rPois Will+ rCorr Dex+3 Slay-2}
   (You took it off a necromancer on level 5 of the Vaults)

   [ring of poison resistance]

   Dex:       It affects your dexterity (+3).
   Slay:      It affects your accuracy & damage with ranged weapons and melee
   (-2).
   rPois:     It protects you from poison.
   rCorr:     It protects you from acid and corrosion.
   Will:      It increases your willpower.
 L - the ring "Ecrarghof" {Drain AC+4 Int+5}
   (You found it on level 5 of the Vaults)

   [ring of protection]

   AC:        It affects your AC (+4).
   Int:       It affects your intelligence (+5).
   Drain:     It drains your maximum health when unequipped.
 Q - the ring of Vesaituu (right hand) {Fly rF+ Will+ Dex+3}
   (You bought it in a shop on level 4 of the Depths)

   [ring of protection from fire]

   Dex:       It affects your dexterity (+3).
   rF:        It protects you from fire.
   Fly:       It grants you flight.
   Will:      It increases your willpower.
 S - a ring of positive energy
 U - the ring "Wipputi" {rC+ rCorr MP+9 Str-2 Stlth+}
   (You found it in a treasure trove)

   [ring of protection from cold]

   Str:       It affects your strength (-2).
   rC:        It protects you from cold.
   MP:        It affects your magic capacity (+9).
   rCorr:     It protects you from acid and corrosion.
   Stlth:     It makes you more stealthy.
 V - a ring of fire
Wands
 t - a wand of charming (30)
 w - a wand of iceblast (51)
 C - a wand of acid (38)
 I - a wand of flame (95)
 K - a wand of polymorph (38)
 O - a wand of mindburst (32)
 Y - a wand of digging (10)
Scrolls
 d - 17 scrolls of teleportation
 f - 16 scrolls of enchant weapon
 h - 6 scrolls of blinking
 i - 11 scrolls of vulnerability
 n - 15 scrolls of fear
 r - 5 scrolls of amnesia
 v - 7 scrolls of enchant armour
 A - 7 scrolls of brand weapon
 B - 5 scrolls of fog
 G - 10 scrolls of immolation
 N - a scroll of silence
 R - 6 scrolls of summoning
 W - 3 scrolls of magic mapping
 X - 3 scrolls of torment
Potions
 a - 8 potions of magic
 e - 5 potions of berserk rage
 g - 4 potions of cancellation
 j - 10 potions of mutation
 k - 15 potions of flight
 l - 17 potions of ambrosia
 m - 24 potions of curing
 o - 8 potions of invisibility
 p - 8 potions of attraction
 s - 11 potions of lignification
 u - 5 potions of haste
 z - 8 potions of resistance
 D - 13 potions of heal wounds
 E - 13 potions of might
 F - 10 potions of brilliance


   Skills:
 - Level 16.9 Fighting
 - Level 18.6 Dodging
 - Level 1.9 Stealth
 - Level 10.7 Shields
 + Level 25.1 Spellcasting
 + Level 22.5 Conjurations
 - Level 5.0 Hexes
 - Level 11.0 Summonings
 O Level 27 Earth Magic


You had 15 spell levels left.
You knew the following spells:

 Your Spells              Type           Power      Damage    Failure   Level
a - Magic Dart            Conj           100%       1d8       0%          1
b - Fulminant Prism       Conj/Hex       45%        3d21      1%          4
c - Iskenderun's Mystic   Conj/Tloc      83%        2d16      1%          4
d - Spellforged Servitor  Conj/Summ      48%        N/A       1%          7
e - Iron Shot             Conj/Erth      56%        9d11      0%          6
f - Summon Forest         Summ/Tloc      32%        N/A       4%          5
g - Summon Cactus Giant   Summ           41%        N/A       2%          6
h - Summon Mana Viper     Hex/Summ       73%        N/A       1%          5
i - Lehudib's Crystal Sp  Conj/Erth      56%        10d13     1%          8
j - Shatter               Erth           58%        3d44*     1%          9
k - Statue Form           Tmut/Erth      59%        N/A       1%          6

Your spell library contained the following spells:

 Spells                   Type           Power      Damage    Failure   Level
 Polar Vortex             Ice            19%        N/A       100%        9
 Kiss of Death            Conj/Necr      100%       2d13      0%          1
 Sandblast                Erth           100%       2d20      0%          1
 Summon Small Mammal      Summ           100%       N/A       0%          1
 Momentum Strike          Conj/Tloc      100%       3d10      0%          2
 Passwall                 Tmut/Erth      74%        N/A       0%          2
 Searing Ray              Conj           100%       2d8       0%          2
 Dazzling Flash           Conj/Hex       100%       N/A       0%          3
 Stone Arrow              Conj/Erth      100%       3d13      0%          3
 Iskenderun's Battlesphe  Conj           100%       2d15      0%          5
 Lee's Rapid Deconstruct  Erth           58%        3d27*     0%          5
 Apportation              Tloc           76%        N/A       1%          1
 Freeze                   Ice            100%       1d10      1%          1
 Slow                     Hex            100%       N/A       1%          1
 Call Imp                 Summ           82%        N/A       1%          2
 Ensorcelled Hibernation  Hex/Ice        100%       N/A       1%          2
 Call Canine Familiar     Summ           82%        N/A       1%          3
 Confusing Touch          Hex            63%        N/A       1%          3
 Frozen Ramparts          Ice            76%        1d12      1%          3
 Hailstorm                Conj/Ice       83%        3d17      1%          3
 Ignite Poison            Fire/Tmut/Pois 38%        N/A       1%          3
 Inner Flame              Hex/Fire       53%        N/A       1%          3
 Kindle Blastsparks       Fire/Tloc/Air  76%        2d16      1%          3
 Mephitic Cloud           Conj/Pois/Air  71%        N/A       1%          3
 Cause Fear               Hex            31%        N/A       1%          4
 Flame Wave               Conj/Fire      83%        2d18      1%          4
 Leda's Liquefaction      Hex/Erth       47%        N/A       1%          4
 Sticky Flame             Conj/Fire      83%        2d9       1%          4
 Summon Ice Beast         Ice/Summ       64%        N/A       1%          4
 Arcjolt                  Conj/Air       41%        1d51      1%          5
 Borgnjor's Vile Clutch   Necr/Erth      44%        N/A       1%          5
 Irradiate                Conj/Tmut      41%        3d25      1%          5
 Lightning Bolt           Conj/Air       41%        1d60      1%          5
 Conjure Ball Lightning   Conj/Air       41%        3x3d14    1%          6
 Starburst                Conj/Fire      41%        6d12      1%          6
 Orb of Destruction       Conj           54%        9d14      1%          7
 Blink                    Tloc           76%        N/A       2%          2
 Cigotuvi's Dreadful Rot  Necr/Pois/Air  76%        N/A       2%          2
 Sublimation of Blood     Necr           38%        N/A       2%          2
 Wereblood                Tmut           38%        N/A       2%          2
 Ozocubu's Armour         Ice            38%        N/A       4%          3
 Spider Form              Tmut/Pois      38%        N/A       4%          3
 Vampiric Draining        Necr           38%        2d8       4%          3
 Vhi's Electric Charge    Tloc/Air       76%        N/A       4%          3
 Anguish                  Hex/Necr       26%        N/A       5%          4
 Animate Dead             Necr           38%        N/A       14%         4
 Dispel Undead            Necr           38%        3d16      14%         4
 Ice Form                 Ice/Tmut       38%        N/A       14%         4
 Manifold Assault         Tloc           38%        N/A       14%         4
 Passage of Golubria      Tloc           38%        N/A       14%         4
 Metabolic Englaciation   Hex/Ice        26%        N/A       14%         5
 Silence                  Hex/Air        26%        N/A       14%         5
 Monstrous Menagerie      Summ           41%        N/A       14%         7
 Summon Hydra             Summ           41%        N/A       14%         7
 Agony                    Necr           38%        N/A       38%         5
 Alistair's Intoxication  Tmut/Pois      25%        N/A       38%         5
 Blade Hands              Tmut           19%        N/A       38%         5
 Eringya's Noxious Bog    Tmut/Pois      19%        N/A       47%         6
 Enfeeble                 Hex            31%        N/A       85%         7
 Death Channel            Necr           19%        N/A       92%         6
 Simulacrum               Ice/Necr       19%        N/A       92%         6
 Ozocubu's Refrigeration  Ice            19%        4d11      95%         7
 Fire Storm               Conj/Fire      41%        8d11      96%         9
 Dragon Form              Tmut           19%        N/A       100%        7
 Storm Form               Tmut/Air       19%        N/A       100%        7
 Discord                  Hex            31%        N/A       100%        8
 Disjunction              Tloc           19%        N/A       100%        8
 Ignition                 Fire           19%        3d7       100%        8
 Maxwell's Capacitive Co  Air            19%        ∞         100%        8
 Dragon's Call            Summ           41%        N/A       100%        9


Dungeon Overview and Level Annotations

Branches:
Dungeon (15/15)            Temple (1/1) D:4            Lair (5/5) D:10
  Swamp (4/4) Lair:2       Spider (4/4) Lair:3        Slime (5/5) Lair:4
    Orc (2/2) D:10            Elf (3/3) Orc:2        Vaults (5/5) D:14
  Crypt (0/3) Vaults:2     Depths (4/4) D:15            Zot (5/5) Depths:4
 Bailey (visited)           IceCv (visited)

Altars:
Ashenzari
Cheibriados
Dithmenos
Elyvilon
Fedhas
Gozag
Hepliaklqana
Ru
Sif Muna
Trog
Uskayaw
Vehumet
Xom
Yredelemnul
Zin
The Shining One

Shops:
D:3 (   D:9 ?   D:14 *   Orc:1 [=   Orc:2 *[=:(   Elf:1 [!   Elf:2 !(=
Vaults:4 [   Depths:3 [[[   Depths:4 (=?=

Portals:
Hell: Depths:1 Depths:2 Depths:3 Depths:4
Abyss: Depths:1 Depths:2 Depths:3
Pandemonium: Depths:2
Ziggurat: Depths:3


Innate Abilities, Weirdness & Mutations

Your dull iron-grey scales are very hard. (AC +18)
You are amphibious.
You cannot fit into any form of body armour.
You are cold-blooded and may be slowed by cold attacks.
Your body sometimes deteriorates upon taking damage.
You are somewhat resistant to further mutation.
You occasionally shout uncontrollably at your foes.


Message History

(D) Dungeon (T) Temple (L) Lair (S) Swamp (N) Spider Nest (M) Slime Pits (O) Orcish Mines (E) Elven Halls (V) Vaults (C) Crypt (U) Depths (H) Hell (Z) Zot
Where to? (Enter - D:3, ? - help)
You see here a +0 falchion.
There is a stone staircase leading up here.
You fly upwards.
There is a stone staircase leading down here.
(D) Dungeon (T) Temple (L) Lair (S) Swamp (N) Spider Nest (M) Slime Pits (O) Orcish Mines (E) Elven Halls (V) Vaults (C) Crypt (U) Depths (H) Hell (Z) Zot
Where to? (Enter - D:2, ? - help)
A blizzard demon comes into view.
The blizzard demon moves out of view.
The dungeon rumbles!
Ka-crash!
There is a stone staircase leading up here.
You fly upwards.
There is a stone staircase leading down here.
A seraph, a cherub and a daeva come into view.
The seraph is wielding a +7 great sword of flaming.
The cherub is wielding a +1 falchion of flaming.
The daeva is wielding a +3 eudemon blade of holy wrath and wearing the +2 tower shield of Distant Shores {-Cast Dex+6 SInv}.
The cherub moves out of view.
The daeva moves out of view.
The seraph gestures.
The seraph begins to accept its allies' injuries.
The seraph shouts a warning to its allies!
You hear a shout!
The seraph gestures.
There is a large open door here.
The seraph gestures.
Press: ? - help, v - describe, . - travel
Here: a seraph, wielding a +7 great sword of flaming and wearing +1 pearl dragon scales (haloed)
A large open door.
Unknown command.
Blink to where?
Press: ? - help, Dir - move target
As you read the scroll of blinking, it crumbles to dust.
The daeva calls down the wrath of the Shining One upon you.
The Shining One smites you!
You have escaped!

#8..A...8#.#####'#....
#§§AA..§≈#.# #.####.
#≈§..(.§§#.#####'##...
#§§§....§#.##.....#...
#≈§.88..§#.##.....#...
#≈....§§§#.##.....#...
#§......§#.##.....#[..
#≈....§)§#.##.....#...
#8...@.§8#.##.....#...
##########.##.....#...
#........###.
#######...##. ##...##.
#.)...#. #.....#.
#.....#. #.....#.


You could see a seraph and a cherub (summoned).

Vanquished Creatures
  the Royal Jelly (Slime:5)
  4 dread liches
  9 orbs of fire (Zot:5)
  2 ancient liches
  Boris (twice) (Vaults:5 Depths:2)
  A juggernaut (Depths:3)
  The ghost of Bravis the Conqueror, a legendary KoHu of Ru (Zot:5)
  2 curse toes
  the Lernaean hydra (Swamp:4)
  9 golden dragons
  3 bone dragons
  Arachne (Spider:2)
  12 tentacled monstrosities
  2 liches
  8 titans
  5 Orb Guardians (Zot:5)
  Asterion (Elf:3)
  7 quicksilver dragons
  2 deep elf master archers (Elf:3)
  21 acid blobs
  Gastronok (D:12)
  10 death cobs
  5 sphinxes
  12 shadow dragons
  9 storm dragons
  9 tengu reavers
  3 draconian monks
  Roxanne (Swamp:2)
  6 draconian knights
  Kirke (D:12)
  6 fire giants
  15 rockslimes
  3 iron dragons
  6 frost giants
  4 deep elf sorcerers
  An emperor scorpion (Spider:2)
  18 azure jellies
  12 vault wardens
  4 ghost moths
  8 draconian scorchers
  7 draconian stormcallers
  2 draconian shifters
  8 ironbound preservers
  A deep elf elementalist (Elf:2)
  10 very ugly things
  6 draconian annihilators
  A reaper (Zot:5)
  The ghost of Gifaivo the Spry, a journeyman DECj of Sif Muna (Spider:2)
  A spriggan defender (Depths:2)
  10 stone giants
  11 quicksilver oozes
  4 war gargoyles
  13 red draconians
  3 ironbound thunderhulks
  2 vampire knights
  11 green draconians
  6 deep elf demonologists
  5 black draconians
  Azrael (D:14)
  A spark wasp (Spider:2)
  12 yellow draconians
  A dire elephant (Vaults:4)
  6 white draconians
  10 purple draconians
  5 deep elf annihilators (Elf:3)
  3 deep elf death magi (Elf:3)
  9 ettins
  9 fire dragons
  A crystal guardian (Vaults:3)
  3 deep elf high priests
  An entropy weaver (Vaults:5)
  5 great orbs of eyes
  Fannar (Lair:2)
  6 yaktaur captains
  5 rakshasas
  33 vault guards
  2 ogre magi (Vaults:5)
  5 ice dragons
  Erica (D:9)
  4 spriggan air magi
  A peacekeeper (Vaults:3)
  7 hydras
  2 ironbound frosthearts (Vaults:4)
  A boulder beetle (Lair:3)
  4 dancing weapons
  2 death knights (D:12)
  6 centaur warriors
  A merfolk avatar (Lair:5)
  An alligator (Swamp:2)
  7 tengu warriors
  2 death yaks
  8 two-headed ogres
  9 deep troll shamans
  10 deep troll earth magi
  7 spriggan berserkers
  4 orc high priests (Orc:2)
  12 hell knights
  Nergalle (Orc:1)
  2 vampire magi
  Sonja (D:12)
  5 soul eaters
  10 deep elf knights
  A golden dragon zombie (Zot:3)
  4 spriggans
  An iron troll (shapeshifter) (Vaults:5)
  2 death drakes (Zot:3)
  2 skeletal warriors
  7 iron trolls
  2 pharaoh ants
  2 swamp dragons
  31 deep trolls
  A steelbarb worm (Spider:2)
  An orb spider (Spider:3)
  2 glowing orange brains
  2 obsidian statues
  A bog body (Swamp:1)
  2 necromancers
  5 deep elf archers
  6 orc knights
  A harpy (Lair:5)
  6 deep elf zephyrmancers
  An orange crystal statue (Spider:2)
  4 phantasmal warriors (Vaults:5)
  15 ironbound convokers
  6 orc sorcerers
  5 deep elf pyromancers
  2 wolf spiders
  2 wizards
  5 manticores
  A will-o-the-wisp (Lair:2)
  2 cyclopes
  15 ugly things
  6 shining eyes
  17 moths of wrath
  A toenail golem (D:15)
  11 elephants
  An elephant (shapeshifter) (Vaults:5)
  3 eyes of devastation
  2 ice statues (IceCv)
  2 gargoyles
  6 cane toads
  6 black mambas
  3 vault sentinels
  2 demonic crawlers
  Joseph (D:8)
  A cane toad (shapeshifter) (D:13)
  21 yaktaurs
  4 unseen horrors (Depths:2)
  An efreet (D:14)
  A kobold demonologist (D:12)
  4 rime drakes
  17 komodo dragons
  Psyche (D:10)
  6 tengu conjurers
  2 freezing wraiths
  A white draconian skeleton (Zot:3)
  4 polar bears
  A queen bee (D:9)
  A wind drake (shapeshifter) (Depths:3)
  A wind drake (Lair:5)
  4 trolls
  A hornet (shapeshifter) (Elf:1)
  8 hornets
  Prince Ribbit (D:8)
  11 nameless horrors
  8 tarantellas
  114 slime creatures
  A slime creature (shapeshifter) (Vaults:5)
  19 blink frogs
  2 dream sheep (D:12)
  2 snapping turtles (Lair:5)
  4 culicivoras
  4 jumping spiders
  2 air elementals (Elf:2)
  A vampire (D:10)
  A spriggan (shapeshifter) (Elf:2)
  4 water elementals
  12 humans
  4 wraiths
  6 wyverns
  A fire elemental (D:14)
  31 yaks
  A hog (shapeshifter) (D:15)
  2 hogs (D:13)
  18 golden eyes
  Grum (D:10)
  2 basilisks
  5 vampire mosquitoes
  11 redbacks
  4 steam dragons
  4 chaos spawn (Depths:2)
  Menkaure (D:4)
  8 wargs
  Edmund (D:4)
  An acid dragon (D:12)
  10 water moccasins
  A floating eye (Depths:2)
  21 orc warriors
  3 black bears
  8 ogres
  2 large abominations (Depths:2)
  3 great orb of eyes simulacra (IceCv)
  5 centaurs
  2 small abominations (Depths:2)
  43 wolves
  2 phantoms
  5 slime creature simulacra (IceCv)
  8 kobold brigands
  15 bullfrogs
  A gnoll sergeant (D:5)
  3 necrophages
  4 scorpions
  5 glowing shapeshifter simulacra (IceCv)
  An earth elemental (Elf:3)
  4 wights (D:7)
  19 killer bees (D:9)
  4 howler monkeys
  4 electric eels
  A crimson imp (D:8)
  16 orc priests
  3 hounds
  5 jellies
  Ijyb (D:5)
  A gnoll bouda (D:9)
  2 iguanas (D:4)
  13 orc wizards
  A shapeshifter simulacrum (IceCv)
  7 adders
  11 gnolls
  3 white imps
  A worm (D:2)
  A dart slug (D:4)
  70 orcs
  9 endoplasms
  13 goblins
  7 hobgoblins
  A hobgoblin (shapeshifter) (D:15)
  6 jackals (D:1)
  3 quokkas
  12 ball pythons
  5 bats
  2 frilled lizards
  22 kobolds
  2 rats
  2 plants
1514 creatures vanquished.

Vanquished Creatures (collateral kills)
  3 orbs of fire
  An ancient lich (Zot:5)
  Bai Suzhen (Depths:1)
  A Killer Klown (Zot:5)
  A curse toe (Zot:1)
  A caustic shrike (Depths:3)
  A golden dragon (Zot:5)
  2 electric golems (Zot:5)
  Jorgrun (D:15)
  8 tentacled monstrosities
  3 liches
  23 Orb Guardians
  3 deep elf blademasters
  3 quicksilver dragons
  2 acid blobs (Slime:4)
  Frances (D:14)
  Agnes (Spider:4)
  A death cob (Zot:5)
  2 ancient champions (Vaults:2)
  7 storm dragons
  A sphinx (Depths:3)
  2 thorn hunters
  A tengu reaver (Vaults:4)
  Donald (Swamp:2)
  2 shadow dragons
  A daeva (Depths:3)
  A draconian monk (Zot:4)
  A fire giant (Depths:1)
  A draconian knight (Zot:5)
  3 vault wardens (Vaults:2)
  An iron dragon (Depths:2)
  2 frost giants
  Louise (Spider:4)
  A deep elf elementalist (Elf:3)
  3 deep elf sorcerers (Elf:3)
  An orc warlord (Orc:2)
  3 emperor scorpions
  4 ghost moths
  4 draconian shifters
  An angel (Depths:3)
  A cacodemon (Abyss:2)
  A draconian stormcaller (Zot:5)
  A quicksilver ooze (Slime:4)
  3 stone giants (Depths:2)
  11 ironbound preservers
  4 ironbound thunderhulks
  A spriggan defender (Depths:2)
  14 very ugly things
  2 green draconians
  A broodmother (Spider:3)
  8 black draconians
  A deep elf demonologist (Abyss:2)
  4 deep elf annihilators
  6 spark wasps
  4 purple draconians
  4 red draconians
  3 yellow draconians
  3 eleionomae
  2 dire elephants (Vaults:4)
  6 bunyips
  3 white draconians
  4 ettins
  4 deep elf death magi (Elf:3)
  A blizzard demon (Abyss:2)
  7 entropy weavers
  A deep elf high priest (Elf:3)
  Josephine (Spider:1)
  A fire dragon (Zot:2)
  12 yaktaur captains
  A rakshasa (Abyss:2)
  An ice dragon (Depths:4)
  2 spriggan air magi
  A catoblepas (Lair:4)
  9 vault guards
  A ghost crab (Swamp:1)
  14 hydras
  3 jorogumos
  An ironbound frostheart (Vaults:4)
  A hell beast (D:8)
  4 boulder beetles
  4 radroaches
  23 dancing weapons
  17 alligators
  2 death knights
  2 centaur warriors
  A death scarab (Spider:2)
  A death yak (Lair:4)
  2 tengu warriors
  An orc high priest (Orc:2)
  A vampire mage (Vaults:2)
  A thrashing horror (Abyss:2)
  14 deep elf knights
  32 deep trolls
  7 pharaoh ants
  A sea snake (shapeshifter) (Depths:3)
  3 steelbarb worms
  2 goliath frogs
  4 spriggan druids
  2 glowing orange brains
  A flayed ghost (Depths:1)
  An orange crystal statue (Spider:2)
  3 shadow demons
  6 orb spiders
  8 deep elf archers
  3 wizards
  15 swamp dragons
  10 ironbound convokers
  2 lindwurms (Vaults:3)
  14 bog bodies
  A lindwurm (shapeshifter) (D:14)
  A harpy (shapeshifter) (Elf:1)
  3 necromancers (D:14)
  19 deep elf zephyrmancers
  22 deep elf pyromancers
  2 phantasmal warriors
  2 orc sorcerers
  19 wolf spiders
  A cyclops (D:15)
  12 orc knights
  3 will-o-the-wisps (Swamp:4)
  29 ugly things
  A worldbinder (Abyss:2)
  3 elephants (Lair:4)
  14 moths of wrath
  An elephant (shapeshifter) (Vaults:3)
  7 demonic crawlers
  An apocalypse crab (Abyss:2)
  20 vault sentinels
  A white draconian zombie (Zot:3)
  A komodo dragon (Lair:5)
  2 freezing wraiths
  3 torpor snails
  22 yaktaurs
  A troll (Vaults:5)
  A polar bear (Lair:5)
  13 tyrant leeches
  An ancient zyme (Abyss:2)
  A meliai (Spider:2)
  9 hornets
  33 tarantellas
  36 slime creatures
  15 culicivoras
  36 jumping spiders
  An air elemental (Elf:2)
  13 spriggans
  A culicivora (shapeshifter) (Spider:4)
  A ynoxinul (Abyss:2)
  A vampire (D:14)
  A water elemental (Elf:3)
  3 nameless horrors
  8 wraiths
  3 fire elementals
  3 hogs (D:14)
  A hog (shapeshifter) (D:15)
  12 humans (D:14)
  A chaos spawn (Abyss:2)
  11 vampire mosquitoes (Swamp:1)
  48 redbacks
  14 swamp worms
  3 wargs
  3 large abominations
  A hell hound (D:14)
  12 swamp drakes
  16 orc warriors
  2 ogres
  3 earth elementals
  5 small abominations
  A quasit (Abyss:2)
  An orc wizard (Orc:2)
  An ufetubus (Abyss:2)
  17 orcs
959 creatures vanquished.

Vanquished Creatures (others)
  An eldritch tentacle (Zot:5)
  A centaur warrior (Vaults:2)
  A wizard (Vaults:1)
  A vault sentinel (Vaults:2)
  A human (D:14)
  A wolf (Lair:4)
  A glowing shapeshifter simulacrum (IceCv)
  2 orcs
  3 briar patches (Swamp:4)
  A bush (Swamp:4)
  8 foxfires
  598 fulminant prisms
  84 fungi
  126 plants
  30 snaplasher vines
859 creatures vanquished.

Grand Total: 3332 creatures vanquished

Notes
Turn   | Place    | Note
-------+----------+-------------------------------------------
     0 | D:1      | cforsyth the Draconian Conjurer began the quest for the
                  | Orb.
     0 | D:1      | Reached XP level 1. HP: 14/14 MP: 3/3
   175 | D:1      | Reached XP level 2. HP: 20/20 MP: 0/5
   812 | D:1      | Reached XP level 3. HP: 26/26 MP: 1/6
  1399 | D:2      | Reached XP level 4. HP: 33/33 MP: 6/8
  2062 | D:3      | Found Nisagge's Weapon Emporium.
  2075 | D:3      | Reached skill level 5 in Conjurations
  2131 | D:3      | Found a faded altar of an unknown god.
  2884 | D:4      | Identified 2 scrolls of acquirement
  2884 | D:4      | Acquired a staff of conjuration
  2889 | D:4      | Noticed Menkaure
  2899 | D:4      | Killed Menkaure
  2900 | D:4      | Reached XP level 5. HP: 22/38 MP: 0/11
  3011 | D:4      | Noticed an ogre
  3018 | D:4      | Killed an ogre
  3019 | D:4      | Reached XP level 6. HP: 45/45 MP: 4/12
  4445 | D:4      | Found a staircase to the Ecumenical Temple.
  4666 | D:4      | Noticed Edmund
  4677 | D:4      | Killed Edmund
  4678 | D:4      | Reached skill level 5 in Spellcasting
  4678 | D:4      | Your scales start taking on a dull iron-grey colour.
  4678 | D:4      | Reached XP level 7. HP: 36/50 MP: 3/14
  4795 | D:4      | Learned a level 4 spell: Fulminant Prism
  5074 | D:5      | Entered Level 5 of the Dungeon
  5074 | D:5      | Noticed Ijyb
  5171 | D:4      | Reached skill level 1 in Hexes
  5739 | D:5      | Acquired 675 gold pieces
  6601 | D:4      | Reached XP level 8. HP: 54/57 MP: 6/16
  8842 | D:5      | Killed Ijyb
  9790 | Temple   | Entered the Ecumenical Temple
  9840 | Temple   | Became a worshipper of Vehumet
 10336 | D:6      | Found a glowing golden altar of the Shining One.
 10337 | D:6      | Found a bloodstained altar of Trog.
 11047 | D:7      | Reached XP level 9. HP: 62/62 MP: 14/19
 11052 | D:7      | Learned a level 4 spell: Iskenderun's Mystic Blast
 11568 | D:7      | Reached skill level 5 in Hexes
 11885 | D:8      | Found a flagged portal.
 11913 | Bailey   | Entered a bailey
 11935 | Bailey   | Reached * piety under Vehumet
 11935 | Bailey   | Offered knowledge of Kiss of Death by Vehumet.
 12094 | Bailey   | Reached skill level 10 in Conjurations
 12470 | Bailey   | Noticed a vault guard
 12472 | Bailey   | Reached XP level 10. HP: 69/69 MP: 17/22
 12483 | Bailey   | Killed a vault guard
 12645 | Bailey   | Noticed a vault guard
 12661 | Bailey   | Killed a vault guard
 12996 | D:8      | Noticed a manticore
 13015 | D:8      | Killed a manticore
 13249 | D:8      | Noticed Prince Ribbit
 13264 | D:8      | Killed Prince Ribbit
 13265 | D:8      | Reached skill level 10 in Spellcasting
 13577 | D:8      | Noticed Joseph
 13589 | D:8      | Killed Joseph
 14305 | D:9      | Noticed Erica
 14311 | D:9      | Killed Erica
 14592 | D:9      | Reached XP level 11. HP: 74/74 MP: 8/25
 14905 | D:9      | Offered knowledge of Momentum Strike by Vehumet.
 14912 | D:9      | Reached ** piety under Vehumet
 15375 | D:9      | Found Wonenof's Magic Scroll Shop.
 15380 | D:9      | Bought a scroll of identify for 26 gold pieces
 15380 | D:9      | Bought a scroll of identify for 26 gold pieces
 15380 | D:9      | Bought a scroll of identify for 26 gold pieces
 15629 | D:9      | Offered knowledge of Scorch by Vehumet.
 16105 | D:9      | Reached *** piety under Vehumet
 16290 | D:10     | Entered Level 10 of the Dungeon
 16290 | D:10     | Noticed a two-headed ogre
 16417 | D:10     | Noticed a two-headed ogre
 16436 | D:10     | Killed a two-headed ogre
 16624 | D:10     | Killed a two-headed ogre
 16782 | D:10     | Found a runed translucent door.
 17533 | D:10     | Noticed Grum
 17543 | D:10     | Killed Grum
 17549 | D:10     | Noticed Psyche
 17558 | D:10     | Killed Psyche
 17763 | D:10     | Found a staircase to the Orcish Mines.
 17778 | D:10     | Offered knowledge of Flame Wave by Vehumet.
 17862 | D:10     | Found a staircase to the Lair.
 18062 | D:10     | Noticed an orc knight
 18077 | D:10     | Killed an orc knight
 18088 | D:10     | Noticed an orc knight
 18645 | D:10     | Identified the +5 spear "Duiwim" {elec, MP+9}
 18676 | D:10     | Killed an orc knight
 19154 | D:11     | Reached XP level 12. HP: 81/81 MP: 20/28
 19433 | D:11     | Noticed a two-headed ogre
 19439 | D:11     | Killed a two-headed ogre
 20253 | D:12     | Noticed Sonja
 20266 | D:12     | Killed Sonja
 20305 | D:12     | Noticed Gastronok
 20558 | D:12     | Reached **** piety under Vehumet
 20813 | D:12     | Noticed a death knight
 20825 | D:12     | Killed a death knight
 21179 | D:12     | Noticed a death knight
 21182 | D:12     | Killed Gastronok
 21526 | D:12     | Killed a death knight
 21892 | D:12     | Reached skill level 15 in Conjurations
 22579 | D:12     | HP: 4/81 [??? (1)]
 22584 | D:12     | HP: 4/81 [??? (1)]
 22589 | D:12     | HP: 3/81 [??? (1)]
 22601 | D:12     | HP: 4/81 [??? (1)]
 22606 | D:12     | HP: 4/81 [??? (2)]
 22612 | D:12     | HP: 4/81 [??? (1)]
 22618 | D:12     | HP: 4/81 [??? (2)]
 23472 | D:12     | Offered knowledge of Airstrike by Vehumet.
 23945 | D:12     | Noticed a three-headed hydra
 23953 | D:12     | Killed a three-headed hydra
 24083 | Lair:1   | Entered Level 1 of the Lair of Beasts
 24277 | Lair:1   | Reached skill level 5 in Dodging
 24551 | Lair:1   | Reached XP level 13. HP: 86/86 MP: 9/30
 25948 | Lair:2   | Reached ***** piety under Vehumet
 26108 | Lair:2   | Noticed Fannar
 26124 | Lair:2   | Killed Fannar
 26124 | Lair:2   | Offered knowledge of Spellforged Servitor by Vehumet.
 26133 | Lair:2   | Learned a level 7 spell: Spellforged Servitor
 26152 | Lair:2   | Reached skill level 1 in Summonings
 26515 | Lair:2   | Found a staircase to the Swamp.
 27413 | Lair:3   | Reached skill level 5 in Summonings
 27633 | Lair:3   | You fall into a shaft and drop 2 floors!
 27633 | Lair:5   | Entered Level 5 of the Lair of Beasts
 27635 | Lair:5   | Acquired a book of Power
 27696 | Lair:5   | Reached skill level 1 in Fighting
 27730 | Lair:5   | Found a frozen archway.
 27798 | Lair:5   | Offered knowledge of Lee's Rapid Deconstruction by Vehumet.
 27805 | Lair:5   | Reached skill level 5 in Fighting
 27820 | Lair:5   | Paralysed by a hornet for 1 turns
 27850 | Lair:5   | Reached XP level 14. HP: 79/110 MP: 13/31
 27886 | IceCv    | Entered an ice cave
 27998 | IceCv    | Noticed a quicksilver ooze
 28004 | IceCv    | Killed a quicksilver ooze
 28316 | IceCv    | Identified the +0 ice dragon scales of Sului {rElec rF-
                  | rC++ rN++ Str+2}
 29128 | IceCv    | Noticed an azure jelly
 29136 | IceCv    | Killed an azure jelly
 29524 | IceCv    | Found a viscous altar of Jiyva.
 29524 | IceCv    | Noticed an azure jelly
 29538 | IceCv    | Killed an azure jelly
 29764 | IceCv    | Identified the amulet of the Baleful God {Faith *Slow rPois
                  | Str+3}
 30269 | Lair:4   | Reached skill level 10 in Fighting
 30813 | Lair:4   | Found a staircase to the Slime Pits.
 31355 | Lair:4   | Acquired 1061 gold pieces
 31739 | Lair:3   | Found a hole to the Spider Nest.
 32051 | Lair:2   | Learned a level 6 spell: Iron Shot
 32126 | Lair:4   | Reached skill level 1 in Earth Magic
 32354 | Lair:4   | Reached skill level 2 in Earth Magic
 32363 | Lair:4   | Reached skill level 3 in Earth Magic
 32470 | Lair:4   | Reached skill level 4 in Earth Magic
 32476 | Lair:4   | Reached skill level 5 in Earth Magic
 33147 | Lair:5   | Reached skill level 6 in Earth Magic
 33718 | Orc:1    | Entered Level 1 of the Orcish Mines
 33746 | Orc:1    | Noticed Nergalle
 33756 | Orc:1    | Killed Nergalle
 34154 | Orc:1    | Found Lereng's Antique Armour Shoppe.
 34162 | Orc:1    | Bought a pair of runed gloves for 277 gold pieces
 34162 | Orc:1    | Bought a pair of faintly humming boots for 351 gold pieces
 34162 | Orc:1    | Identified the +2 pair of boots "Nerhipeu" {Harm +Inv} (You
                  | bought it in a shop on level 1 of the Orcish Mines)
 34249 | Orc:2    | Entered Level 2 of the Orcish Mines
 34263 | Orc:1    | Found Vilohor's Jewellery Emporium.
 34268 | Orc:1    | Reached skill level 7 in Earth Magic
 34617 | Orc:2    | Offered knowledge of Lightning Bolt by Vehumet.
 34653 | Orc:2    | Reached skill level 8 in Earth Magic
 34905 | Orc:2    | Reached XP level 15. HP: 130/130 MP: 8/32
 34984 | Orc:2    | Reached skill level 9 in Earth Magic
 35115 | Orc:2    | Reached skill level 10 in Earth Magic
 35662 | Orc:2    | Found a staircase to the Elven Halls.
 35728 | Orc:2    | Found Uskol's Antique Weapon Shop.
 35875 | Orc:2    | Reached skill level 11 in Earth Magic
 36140 | Orc:2    | Found Wakelodgh's Book Emporium.
 36190 | Orc:2    | Found Zodoan's Jewellery Boutique.
 36229 | Orc:2    | Reached ****** piety under Vehumet
 36232 | Orc:2    | Found Fuinacod's General Store.
 36248 | Orc:2    | Bought a scroll of blinking for 75 gold pieces
 36248 | Orc:2    | Bought a book of the Wilderness for 380 gold pieces
 36254 | Orc:2    | Learned a level 5 spell: Summon Mana Viper
 36294 | Orc:2    | Found Xiddyn's Antique Armour Boutique.
 37609 | D:14     | Offered knowledge of Starburst by Vehumet.
 38154 | D:14     | Noticed Kirke
 38182 | D:14     | Noticed a sphinx
 38432 | D:13     | Noticed a sphinx
 38979 | D:12     | Killed Kirke
 39343 | D:14     | Noticed Frances
 39363 | D:14     | Killed Frances
 39539 | D:14     | Found Gozag's Platinum Reserve.
 39657 | D:14     | Found an opulent altar of Gozag.
 39823 | D:14     | Reached skill level 10 in Summonings
 39946 | D:14     | Found a gate to the Vaults.
 40368 | D:14     | Noticed Azrael
 40386 | D:14     | Killed Azrael
 40607 | D:15     | Entered Level 15 of the Dungeon
 40961 | D:15     | Reached XP level 16. HP: 124/138 MP: 34/34
 41349 | D:15     | Offered knowledge of Fireball by Vehumet.
 41702 | D:15     | Noticed Jorgrun
 41716 | D:15     | Killed Jorgrun
 41959 | D:15     | Reached skill level 15 in Spellcasting
 42194 | D:15     | Found a staircase to the Depths.
 42622 | Spider:1 | Entered Level 1 of the Spider Nest
 42812 | Spider:1 | Noticed Josephine
 42819 | Spider:1 | Killed Josephine
 42820 | Spider:1 | Reached skill level 10 in Dodging
 43060 | Spider:1 | Upgraded the game from 0.30-a0-571-gdf30a72648 to
                  | 0.30-a0-576-g89cddaab80
 43444 | Spider:2 | Offered knowledge of Freezing Cloud by Vehumet.
 43449 | Spider:2 | Reached skill level 12 in Earth Magic
 44155 | Spider:2 | Found a transporter.
 44176 | Spider:2 | Noticed Gifaivo's ghost (journeyman DECj)
 44183 | Spider:2 | Noticed Arachne
 44214 | Spider:2 | Found a transporter.
 44418 | Spider:2 | Found a hide-covered altar of Uskayaw.
 44775 | Spider:2 | Learned a level 6 spell: Summon Cactus Giant
 44781 | Spider:2 | Learned a level 5 spell: Summon Forest
 45295 | Spider:3 | Offered knowledge of Maxwell's Capacitive Coupling by
                  | Vehumet.
 45776 | Spider:3 | Reached XP level 17. HP: 144/144 MP: 33/36
 45904 | Spider:3 | Reached skill level 13 in Earth Magic
 47480 | Spider:4 | Entered Level 4 of the Spider Nest
 47984 | Spider:3 | Reached skill level 14 in Earth Magic
 48069 | Spider:4 | Offered knowledge of Lehudib's Crystal Spear by Vehumet.
 48069 | Spider:4 | Offered knowledge of Shatter by Vehumet.
 48069 | Spider:4 | Offered knowledge of Polar Vortex by Vehumet.
 48358 | Spider:4 | Noticed Louise
 48369 | Spider:4 | Killed Louise
 49152 | Spider:4 | Got the Verses on Orientation and Transmogrification
 49215 | Spider:4 | Noticed Agnes
 49219 | Spider:4 | Killed Agnes
 49491 | Spider:4 | Reached skill level 15 in Earth Magic
 50295 | Spider:4 | Got a gossamer rune of Zot
 50602 | Swamp:1  | Entered Level 1 of the Swamp
 50948 | Swamp:1  | Reached skill level 15 in Dodging
 51760 | Swamp:1  | Learned a level 8 spell: Lehudib's Crystal Spear
 51929 | Swamp:1  | Reached XP level 18. HP: 151/151 MP: 23/37
 51929 | Swamp:1  | Reached XP level 19. HP: 158/158 MP: 23/38
 52793 | Swamp:2  | Noticed Roxanne
 52810 | Swamp:2  | Killed Roxanne
 53041 | Swamp:2  | Reached skill level 16 in Earth Magic
 53276 | Swamp:2  | Noticed Donald
 53286 | Swamp:2  | Killed Donald
 55044 | Swamp:4  | Entered Level 4 of the Swamp
 55935 | Swamp:4  | Reached skill level 17 in Earth Magic
 57994 | Swamp:4  | Noticed the 27-headed Lernaean hydra
 58007 | Swamp:4  | Killed the 27-headed Lernaean hydra
 58498 | Swamp:4  | Got a decaying rune of Zot
 58580 | Swamp:4  | Identified the +2 cloak of Qiboniq {rElec rPois Regen+}
 59052 | Vaults:1 | Entered Level 1 of the Vaults
 59083 | Vaults:1 | Found a portal to a secret trove of treasure.
 59101 | Vaults:1 | You paid a toll of 15 scrolls of teleportation to enter a
                  | treasure trove
 59102 | Trove    | Entered a treasure trove
 59113 | Trove    | Identified the +11 scimitar of Eternal Vigilance {heavy,
                  | rPois rC+ MP+9 Dex-3}
 59126 | Trove    | Identified the amulet of Yphe {Rampage Regen+ Int+6}
 59127 | Trove    | Identified the ring "Wipputi" {rC+ rCorr MP+9 Str-2 Stlth+}
 59350 | Vaults:1 | Reached skill level 18 in Earth Magic
 59356 | Abyss:2  | Found a corrupted altar of Lugonu.
 59356 | Abyss:2  | Cast into level 2 of the Abyss (a wizard)
 59755 | Vaults:1 | Escaped the Abyss
 59870 | Vaults:1 | Acquired a staff of earth
 60506 | Vaults:1 | Reached XP level 20. HP: 132/166 MP: 36/41
 60752 | Vaults:2 | You fall into a shaft and drop 1 floor!
 60865 | Vaults:2 | Found a flickering gateway to a bazaar.
 60871 | Bazaar   | Entered a bazaar
 60987 | Bazaar   | Found Alusur's Distillery.
 60993 | Bazaar   | Found Ciopniv's Armour Emporium.
 60995 | Bazaar   | Bought 2 potions of heal wounds for 140 gold pieces
 60995 | Bazaar   | Bought a potion of cancellation for 112 gold pieces
 60995 | Bazaar   | Bought a potion of heal wounds for 70 gold pieces
 60995 | Bazaar   | Bought a potion of mutation for 112 gold pieces
 60999 | Bazaar   | Found Gohatust's Jewellery Shoppe.
 61034 | Bazaar   | Found Kiefikul's Antique Armour Shoppe.
 61042 | Bazaar   | Bought an ichor-stained hat for 135 gold pieces
 61042 | Bazaar   | Identified the +5 hat of Howling Wind {Dex+4} (You bought
                  | it in a shop in a bazaar)
 61042 | Bazaar   | Found Zecatt's Book Emporium.
 61096 | Bazaar   | Bought a potion of resistance for 140 gold pieces
 61096 | Bazaar   | Bought a potion of resistance for 140 gold pieces
 61134 | Vaults:2 | Reached skill level 19 in Earth Magic
 61474 | Vaults:2 | Found a staircase to the Crypt.
 61933 | Vaults:2 | Identified the +10 arbalest of Youthful Indiscretion
                  | {speed, *Corrode rElec Str+2}
 62933 | Vaults:3 | Reached skill level 20 in Earth Magic
 64294 | Vaults:4 | Found Mutefuha's Armour Emporium.
 64863 | Vaults:4 | Reached skill level 21 in Earth Magic
 65338 | Vaults:4 | Reached XP level 21. HP: 172/172 MP: 44/44
 66196 | Vaults:5 | Entered Level 5 of the Vaults
 66444 | Elf:1    | Entered Level 1 of the Elven Halls
 66468 | Elf:1    | Reached skill level 22 in Earth Magic
 66842 | Elf:1    | Found a radiant altar of Vehumet.
 66935 | Elf:1    | Found Pasuar's Distillery.
 66952 | Elf:1    | Found Tav Ep Becue's Antique Armour Shop.
 66959 | Elf:1    | Bought a potion of haste for 130 gold pieces
 66959 | Elf:1    | Bought a potion of haste for 130 gold pieces
 66964 | Elf:1    | Bought a pair of embroidered boots for 270 gold pieces
 67784 | Elf:2    | Found a runed translucent gate.
 67795 | Elf:2    | Identified the +9 war axe "Kuept" {freeze, rPois Stlth+}
 67827 | Elf:2    | Found a runed translucent gate.
 67827 | Elf:2    | Found a runed translucent gate.
 67997 | Elf:2    | Found Becras's Jewellery Shoppe.
 68000 | Elf:2    | Found Jigix's Weapon Emporium.
 68002 | Elf:2    | Found Leh Sawk's Distillery.
 68492 | Elf:2    | Reached skill level 23 in Earth Magic
 68911 | Elf:3    | Entered Level 3 of the Elven Halls
 69202 | Elf:3    | Identified the +1 short sword "Joome" {freeze, rN+}
 69236 | Elf:3    | Identified the +7 hand axe "Atzuutt" {heavy, rElec rC++
                  | Dex-5}
 69330 | Elf:3    | Identified the +5 spear of the Winnowing Vulture {heavy,
                  | Contam Will+ Int+2}
 69342 | Elf:3    | Reached XP level 22. HP: 183/183 MP: 38/46
 69715 | Elf:3    | Learned a level 9 spell: Shatter
 69722 | Elf:3    | Learned a level 6 spell: Statue Form
 69755 | Elf:3    | Noticed Asterion
 69760 | Elf:3    | Killed Asterion
 69807 | Elf:3    | Identified the +5 sling "Raorchuor" {flame, rCorr Str+5}
 69952 | Elf:3    | Identified the +11 dagger "Goblinslayer" {freeze, rPois}
 70771 | Elf:3    | Got the Codex of Assembling
 71398 | Vaults:5 | Noticed a dread lich
 71403 | Vaults:5 | Killed a dread lich
 71411 | Vaults:5 | Reached skill level 15 in Fighting
 71422 | Vaults:5 | Noticed a dread lich
 71427 | Vaults:5 | Killed a dread lich
 71428 | Vaults:5 | Noticed Boris
 71432 | Vaults:5 | Killed Boris
 71433 | Vaults:5 | Reached XP level 23. HP: 202/202 MP: 47/47
 71468 | Vaults:5 | Identified the ring of Xougunosch {rPois Will+ rCorr Dex+3
                  | Slay-2}
 72158 | Vaults:5 | Identified the ring "Ecrarghof" {Drain AC+4 Int+5}
 72165 | Vaults:5 | Identified the +9 war axe "Suinahuc" {antimagic, Str+4}
 72313 | Vaults:5 | Identified the +0 trident of Winter {antimagic, Will+++
                  | Int-2 Dex+2 SInv}
 72603 | Vaults:5 | Identified the +3 dagger of Ascent {venom, Str+2 Stlth+}
 72603 | Vaults:5 | Identified the +11 chain mail "Noejex" {Str+3 SInv}
 72613 | Vaults:5 | Reached skill level 1 in Shields
 72888 | Vaults:5 | Identified the -1 pair of boots of Dim Light {Rampage rN+++
                  | Str-4 Dex+2}
 73065 | Vaults:5 | Got a silver rune of Zot
 73454 | Depths:1 | Entered Level 1 of the Depths
 74417 | Depths:1 | Found a blossoming altar of Fedhas.
 74545 | Depths:1 | Found a one-way gate to the infinite horrors of the Abyss.
 74665 | Depths:1 | Noticed Bai Suzhen
 74676 | Depths:1 | Killed Bai Suzhen
 74747 | Depths:1 | Found a gateway to Hell.
 74759 | Depths:1 | Reached skill level 5 in Shields
 75229 | Depths:2 | Noticed Boris
 75232 | Depths:2 | Killed Boris
 75747 | Depths:2 | Reached XP level 24. HP: 184/212 MP: 47/47
 76058 | Depths:2 | Found a one-way gate leading to the halls of Pandemonium.
 76618 | Slime:1  | Entered Level 1 of the Pits of Slime
 76813 | Slime:1  | Reached skill level 24 in Earth Magic
 79642 | Slime:3  | Gained mutation: Your body sometimes deteriorates upon
                  | taking damage. [a shining eye]
 81268 | Slime:5  | Entered Level 5 of the Pits of Slime
 81439 | Slime:5  | Noticed the Royal Jelly
 85281 | Slime:5  | Killed the Royal Jelly
 85733 | Slime:5  | Got the Tractate on the Fulgurous Salvo
 85735 | Slime:5  | Got a slimy rune of Zot
 85737 | Slime:5  | Got Lehudib's Precepts of Bolts
 85769 | Slime:5  | Identified the amulet "Bollexog" {RegenMP rPois rCorr Str-5
                  | Dex+3}
 85818 | Slime:5  | Got the Anthology of the Gritty Birds
 85825 | Slime:5  | Identified the +7 sling "Omomo" {antimagic, +Blink Stlth+}
 85834 | Slime:5  | Got Yptah's Compilation of the Cricket
 87140 | Depths:3 | Found a glowing golden altar of the Shining One.
 88575 | Depths:3 | Found Foriutytao's Antique Armour Emporium.
 89728 | Depths:3 | Found Muxziwn's Antique Armour Emporium.
 90125 | Depths:3 | Bought a pair of embroidered boots for 285 gold pieces
 90125 | Depths:3 | Bought a slimy buckler for 361 gold pieces
 90125 | Depths:3 | Identified the +3 buckler of the Dropbear {*Slow Fly rC+}
                  | (You bought it in a shop on level 3 of the Depths)
 90125 | Depths:3 | Bought a pair of jewelled boots for 361 gold pieces
 90125 | Depths:3 | Identified the +0 pair of boots of Broken Taboos {rF- Will-
                  | Int+5 SInv} (You bought it in a shop on level 3 of the
                  | Depths)
 90157 | Depths:3 | Found Tussokhe's Armour Shoppe.
 90250 | Depths:3 | Found a one-way gateway to a ziggurat.
 90518 | Depths:3 | Noticed a juggernaut
 90523 | Depths:3 | Killed a juggernaut
 90651 | Depths:3 | Reached XP level 25. HP: 149/220 MP: 34/48
 90747 | Depths:3 | Reached skill level 25 in Earth Magic
 90766 | Depths:3 | Found a broken altar of Ashenzari.
 91005 | Depths:3 | Bought a pair of glowing gloves for 352 gold pieces
 91139 | Depths:4 | Entered Level 4 of the Depths
 91642 | Depths:4 | Reached skill level 10 in Shields
 92317 | Depths:4 | Found a gate to the Realm of Zot.
 92377 | Depths:4 | Found Xoskil's Jewellery Emporium.
 92380 | Depths:4 | Found Cashoa's Jewellery Shoppe.
 92380 | Depths:4 | Found Plog's Weapon Emporium.
 92385 | Depths:4 | Found Mymo's Magic Scroll Shoppe.
 92475 | Depths:4 | Identified the +1 buckler of the Old World {Fly rElec rPois
                  | Str+4 Dex-2}
 92741 | Zot:1    | Entered Level 1 of the Realm of Zot
 95034 | Zot:2    | Reached skill level 26 in Earth Magic
 96247 | Zot:3    | Reached XP level 26. HP: 200/227 MP: 41/49
 96253 | Zot:3    | Noticed an ancient lich
 96255 | Zot:3    | Killed an ancient lich
 96744 | Zot:3    | You fall into a shaft and drop 1 floor!
 96910 | Zot:4    | Identified the +9 flail "Beetlebane" {flame, rElec rPois
                  | Will+}
 97152 | Zot:4    | Noticed an orb of fire
 97174 | Zot:4    | Killed an orb of fire
 98106 | Zot:3    | Reached skill level 27 in Earth Magic
 99679 | Zot:5    | Entered Level 5 of the Realm of Zot
 99899 | Zot:5    | Noticed an orb of fire
100280 | Zot:5    | Found a runed translucent door.
100428 | Zot:5    | Killed an orb of fire
102198 | Zot:5    | Noticed a dread lich
102200 | Zot:5    | Killed a dread lich
102550 | Zot:5    | Noticed an orb of fire
102552 | Zot:5    | Gained mutation: You are somewhat resistant to further
                  | mutation. [an orb of fire]
102874 | Depths:4 | Bought the ring of Vesaituu {Fly rF+ Will+ Dex+3} for 1058
                  | gold pieces
102974 | Zot:5    | Killed an orb of fire
103004 | Zot:5    | Noticed an orb of fire
103012 | Zot:5    | Killed an orb of fire
103271 | Zot:5    | Noticed an orb of fire
103278 | Zot:5    | Killed an orb of fire
103292 | Zot:5    | Noticed an ancient lich
103305 | Zot:5    | Killed an ancient lich
103467 | Zot:5    | Noticed an orb of fire
103474 | Zot:5    | Killed an orb of fire
103475 | Zot:5    | Reached XP level 27. HP: 210/234 MP: 51/51
103606 | Zot:5    | Noticed an orb of fire
103623 | Zot:5    | Noticed a dread lich
103623 | Zot:5    | Killed an orb of fire
103952 | Zot:5    | Noticed an orb of fire
103952 | Zot:5    | Gained mutation: You occasionally shout uncontrollably at
                  | your foes. [an orb of fire]
103952 | Zot:5    | Noticed an orb of fire
103957 | Zot:5    | Killed an orb of fire
103962 | Zot:5    | Killed an orb of fire
104035 | Zot:5    | Noticed an orb of fire
104040 | Zot:5    | Killed an orb of fire
104390 | Zot:5    | Noticed Bravis's ghost (legendary KoHu)
104402 | Zot:5    | Killed Bravis's ghost
104407 | Zot:5    | Got the Omnibus of Blasting
104900 | Spider:2 | Killed Gifaivo's ghost
104907 | Spider:2 | Killed Arachne
105823 | Zot:5    | Noticed an orb of fire
105828 | Zot:5    | Killed an orb of fire
105852 | Zot:5    | Noticed an orb of fire
105856 | Zot:5    | Killed an orb of fire
106103 | Zot:5    | Killed a dread lich
108006 | Zot:5    | Got the Orb of Zot
108044 | Zot:5    | Noticed Qalex the pandemonium lord
108073 | Zot:3    | Noticed Bemneg the pandemonium lord
108073 | Zot:3    | Noticed an ancient lich
108078 | Zot:2    | Killed an ancient lich
108367 | D:12     | Noticed Joasuob the pandemonium lord
108616 | D:1      | Noticed a seraph
108616 | D:1      | Identified the +2 tower shield of Distant Shores {-Cast
                  | Dex+6 SInv}
108629 | D:$      | Escaped with the Orb!

Illustrated notes

Levels and vault maps discovered:
D:1:      lightli_arrival_noodles, layout_basic, minmay_misc_feat_pillars,
          minmay_shallow_snake_nest
D:2:      layout_loops_ring
D:3:      layout_basic, serial_shops, nicolae_shop_bloodbath_and_beyond,
          chequers_ecumenical_altar_simple
D:4:      layout_loops_corners, minmay_temple_entry_glassed_door, uniq_edmund,
          uniq_menkaure
D:5:      layout_rooms, serial_bayou, serial_bayou_lake_a,
          serial_bayou_lagoon_a, serial_bayou_pond_a, serial_bayou_ford_a,
          uniq_ijyb
D:6:      layout_basic, nicolae_overflow_squiral, minivault_5,
          supply_closet_lemuel, minmay_misc_feat_more_columns
D:7:      layout_loops_cross
D:8:      layout_basic, enter_bailey_3, minmay_fire_ice_demons, uniq_joseph,
          uniq_prince_ribbit1
D:9:      layout_loops_corners, serial_shops, shop, special_room
          [special_room_bee], uniq_erica
D:10:     layout_roguey, erik_lair_orcish_takeover, david_orc_1_choice,
          lightli_church_of_beogh, uniq_grum, uniq_psyche
D:11:     layout_irregular_city
D:12:     cheibrodos_tormentor_scu, layout_cave_pools, serial_column_ruins,
          column_ruins_open_large, column_ruins_grid_4, column_ruins_grid_2,
          column_ruins_open_tiny, column_ruins_grid_1,
          column_ruins_corridor_corner, roderic_roman_lattice, hangedman_ranch,
          uniq_sonja, uniq_gastronok
D:13:     layout_irregular_city, minmay_hedge_maze
D:14:     layout_long_grid, grunt_vaults_entry_tiered, kennysheep_donut,
          nicolae_gozag_zags_fifth_avenue, uniq_frances, uniq_azrael, uniq_kirke
D:15:     gammafunk_enter_depths_forms, layout_irregular_city,
          serial_column_ruins, column_ruins_columns_corner,
          column_ruins_open_small, column_ruins_open_tiny,
          column_ruins_columns_corner, serial_park_tiny_1, uniq_jorgrun
Temple:   nicolae_temple_bog_church
Lair:1:   wander_river, layout_small_grid, columned_hall_lemuel,
          beast_lair_carwin_7, infiniplex_staircase_pool_2, lemuel_fruit_fields
Lair:2:   layout_regular_city, minmay_swamp_entry_wisps,
          grunt_forest_large_clearings, uniq_fannar
Lair:3:   layout_roguey, spider_nest_entry_funnel_web
Lair:4:   layout_small_grid, nicolae_slime_entry_slimehenge
Lair:5:   gammafunk_lair_ancient_temple, layout_gridlike,
          portal_ice_cave_entry_pillars_2, serial_bayou_shore_b
Swamp:1:  layout_basic_swamp, evilmike_swamp_ruin_rubble_2, swamp_pool5,
          nicolae_swamp_bloodsuckers_inc
Swamp:2:  layout_basic_swamp, nicolae_swamp_fairy_circle, uniq_donald,
          uniq_roxanne
Swamp:3:  layout_basic_swamp, evilmike_swamp_ruin_house_6
Swamp:4:  grunt_swamp_rune_castle, layout_basic_swamp, swamp_pool1
Spider:1: layout_spider_delve, uniq_josephine
Spider:2: layout_spider_delve, nzn_ghost_randoct,
          nicolae_spider_altar_of_dancing
Spider:3: layout_chambers, nicolae_spider_stair_cavern
Spider:4: grunt_spider_rune_parallel, hellmonk_deceptive_appearances,
          uniq_louise, uniq_agnes
Slime:1:  layout_caves
Slime:2:  layout_caves
Slime:3:  cheibrodos_slime_lost_civilization_2, layout_caves
Slime:4:  layout_caves
Slime:5
Orc:1:    layout_caves, serial_shops, shop_fountains,
          nicolae_shop_temple_entry_statues_fountains, uniq_nergalle
Orc:2:    grunt_orc_gardens, layout_caves, grunt_orc_garden, grunt_orc_garden,
          grunt_orc_garden, grunt_orc_garden, guppyfry_orc_lava_fort
Elf:1:    eino_elf_arrival_sip, layout_geoelf_octagon, basic_altar,
          hangedman_corner_corridor, nicolae_wooded_promenade
Elf:2:    elven_hall_of_blades_hangedman_original
          [nicolae_blade_entry_diamond_columns], layout_gridlike,
          minmay_shop_star, lemuel_elevator
Elf:3:    grunt_elf_hall_diamonds, layout_loops_corners, uniq_asterion
Vaults:1: nicolae_vaults_theta, vaults_mumra_chevron_long, grunt_vaults_focal,
          ontoclasm_vaults_twist, vaults_dpeg_diagonal, ontoclasm_vaults_shout,
          nicolae_vaults_shelves_hall, vaults_dpeg_doors,
          ontoclasm_vaults_bender, v_pattern_1, v_rooms_3, v_misc_19,
          vaults_room_hallway, layout_vaults_omnibox,
          nicolae_trove_entry_free_sample
Vaults:2: hangedman_vaults_slice, ontoclasm_vaults_tryst, v_misc_22,
          ontoclasm_vaults_eye, nicolae_vaults_little_squares_2,
          nicolae_vaults_rhombus_7, dpeg_vaults_monster_box,
          vaults_dpeg_encased_lava, minmay_crypt_entry_simple_box,
          vaults_dpeg_cross, layout_vaults_omnigrid, serial_shops,
          bzr_entry_safe
Vaults:3: nicolae_vaults_theta, st_more_cells, hangedman_vaults_impose,
          grunt_vaults_funnel, v_misc_10, nicolae_vaults_shelves_hall,
          v_pattern_2, v_misc_3, ontoclasm_vaults_loading_screen,
          vaults_room_fours, vaults_room_hallway, layout_vaults_chaotic_city
Vaults:4: v_rooms_6, ontoclasm_vaults_gateway, nicolae_vaults_triangles,
          v_misc_19, vaults_mumra_hex, hangedman_vaults_stitches,
          ontoclasm_vaults_loading_screen, vaults_room_octagon,
          ontoclasm_vaults_chip, v_misc_9, vaults_room_grid,
          ontoclasm_vaults_fault, vaults_room_hallway, nicolae_vaults_asterisk,
          nicolae_vaults_little_squares_2, layout_vaults_ring, serial_shops,
          nicolae_square_shop
Vaults:5: serial_shops, uniq_boris
Depths:1: layout_cave_shapes, hell_entry,
          hangedman_abyss_or_decor_jellyfish_corner, abyss_entry,
          fedhas_altar_3, uniq_bai_suzhen
Depths:2: nzn_winding_woodlands_medium [nzn_winding_woodlands_5x5_perimeter,
          nzn_winding_woodlands_5x15_split_checker,
          nzn_winding_woodlands_5x5_open_star,
          nzn_winding_woodlands_5x5_default,
          nzn_winding_woodlands_center_triple_pond,
          nzn_winding_woodlands_5x5_three, nzn_winding_woodlands_hourglass,
          nzn_winding_woodlands_5x15_lazy_stream,
          nzn_winding_woodlands_5x5_checkerboard], layout_cave_pools,
          minmay_room_of_horrors, hell_entry, minmay_misc_feat_doors, pan_entry
Depths:3: minmay_fractal_lines_corner, layout_small_grid, enter_ziggurat_f,
          abyss_entry, hell_entry, evilmike_ruin_ashenzari, serial_shops, shop,
          nicolae_shop_advertising_works [nicolae_subvault_shop_adworks],
          nicolae_shop_trees, kennysheep_minor_cross, lemuel_statue_altar
Depths:4: evilmike_zot_entry_basic, layout_cave_pools,
          chequers_decorated_corner, hell_entry, minmay_shoptagon
Zot:1:    layout_gridlike
Zot:2:    layout_gridlike, hangedman_snake_sidewinding
Zot:3:    hangedman_snap_crack_crunch, layout_onion_interference
Zot:4:    kennysheep_bubbly, layout_concentric_octagons
Zot:5:    layout_basic, gammafunk_ghost_grave

Skill      XL: |  1  2  3  4  5  6  7  8  9 10 11 12 13 14 15 16 17 18 19 20 21 22 23 24 25 26 27 |
---------------+----------------------------------------------------------------------------------+-----
Spellcasting   | 3 4 5 7 8 10 12 13 14 15 17 19 20 21 22 24 25 | 25.1
Conjurations   | 5 6 7 8 10 12 13 15 16 17 18 21 22 | 22.5
Hexes          | 2 4 5 |  5.0
Dodging        | 5 9 12 15 16 18 | 18.6
Summonings     | 6 10 11 | 11.0
Fighting       | 6 11 12 16 | 16.9
Earth Magic    | 8 11 12 15 18 21 23 24 26 27 | 27.0
Shields        | 6 9 10 | 10.7
Stealth        | |  1.9

Action                   |  1- 3 |  4- 6 |  7- 9 | 10-12 | 13-15 | 16-18 | 19-21 | 22-24 | 25-27 || total
-------------------------+-------+-------+-------+-------+-------+-------+-------+-------+-------++-------
Melee: Unarmed           |    32 |     5 |       |       |    10 |       |       |       |       ||    47
       Tailslap          |     9 |     1 |     1 |    10 |    16 |    16 |    41 |    10 |    12 ||   116
       Staff             |       |       |    23 |    61 |   111 |    85 |   135 |    30 |       ||   445
       Punch             |       |       |       |       |     1 |     2 |     3 |     2 |       ||     8
       Scimitar          |       |       |       |       |       |       |       |    21 |    75 ||    96
 Cast: Magic Dart        |    60 |   133 |   254 |   151 |    82 |     2 |     8 |     6 |       ||   696
       Fulminant Prism   |       |       |    32 |   196 |   321 |    37 |     9 |       |     3 ||   598
       Iskenderun's Myst |       |       |       |    20 |    63 |     1 |     6 |    37 |     5 ||   132
       Spellforged Servi |       |       |       |       |    38 |    91 |   127 |    37 |    70 ||   363
       Iron Shot         |       |       |       |       |     9 |    31 |   122 |   146 |   266 ||   574
       Summon Mana Viper |       |       |       |       |    11 |    75 |   142 |    29 |    52 ||   309
       Summon Forest     |       |       |       |       |       |    38 |   103 |    13 |    16 ||   170
       Summon Cactus Gia |       |       |       |       |       |    46 |   144 |    21 |    41 ||   252
       Shatter           |       |       |       |       |       |       |       |   453 |   269 ||   722
       Statue Form       |       |       |       |       |       |       |       |    37 |    12 ||    49
 Abil: Evoke Invisibilit |       |       |       |       |       |       |     1 |       |       ||     1
Evoke: Wand              |       |       |     4 |     1 |     9 |     6 |       |       |     1 ||    21
  Use: Scroll            |       |     6 |     8 |     8 |    13 |     1 |     7 |     7 |     9 ||    59
       Potion            |       |       |       |     1 |     1 |     1 |     5 |     5 |     2 ||    15
 Stab: Distracted        |       |       |       |       |     2 |       |     3 |     2 |     1 ||     8
Armor: Skin              |     9 |     5 |    71 |   111 |   234 |   131 |   167 |   266 |   198 ||  1192
Dodge: Dodged            |    36 |    22 |    84 |   121 |   297 |   169 |   302 |   381 |   297 ||  1709
Block: Other             |       |       |       |       |    25 |    62 |    15 |       |       ||   102
       Reflection        |       |       |       |       |     4 |     2 |       |       |    13 ||    19
       Kite shield       |       |       |       |       |       |       |       |    24 |   241 ||   265

Table legend: (Time is in decaauts)
 A = Elapsed time spent in this place.
 B = Non-inter-level travel time spent in this place.
 C = Inter-level travel time spent in this place.
 D = Time resting spent in this place.
 E = Time spent auto-exploring this place.
 F = Levels seen in this place.
 G = Mean time per level.
                   A        B        C        D        E       F      G
               +--------+--------+--------+--------+--------+-----+--------+
         Total | 110263 | 103596 |   6667 |  40749 |  45048 |  58 | 1901.1 |
       Dungeon |  31291 |  28680 |   2611 |  11227 |  13572 |  15 | 2086.1 |
        Temple |     61 |     50 |     11 |      0 |     36 |   1 |   61.0 |
          Lair |   8723 |   7737 |    986 |   1906 |   4281 |   5 | 1744.6 |
         Swamp |   8396 |   8167 |    229 |   3288 |   3801 |   4 | 2099.0 |
   Spider Nest |   8231 |   7897 |    334 |   1463 |   4842 |   4 | 2057.8 |
    Slime Pits |   9690 |   9543 |    147 |   6583 |   1828 |   5 | 1938.0 |
  Orcish Mines |   3127 |   3024 |    103 |   1475 |    935 |   2 | 1563.5 |
   Elven Halls |   4737 |   4601 |    136 |    719 |   2654 |   3 | 1579.0 |
        Vaults |   8775 |   8201 |    574 |   1260 |   5124 |   5 | 1755.0 |
        Depths |   9129 |   8241 |    888 |   4232 |   2807 |   4 | 2282.2 |
           Zot |  14383 |  13740 |    643 |   6539 |   4402 |   5 | 2876.6 |
         Abyss |    398 |    398 |      0 |      0 |    127 |   1 |  398.0 |
        Bazaar |    230 |    230 |      0 |     20 |    137 |   1 |  230.0 |
         Trove |    105 |    105 |      0 |      0 |     27 |   1 |  105.0 |
        Bailey |   1009 |   1009 |      0 |    779 |     84 |   1 | 1009.0 |
      Ice Cave |   1970 |   1970 |      0 |   1256 |    390 |   1 | 1970.0 |
               +--------+--------+--------+--------+--------+-----+--------+

Top non-repeatable levels by time:
   Zot:5: 5256 daAuts
     D:4: 4840 daAuts
 Slime:4: 4607 daAuts
Depths:3: 4219 daAuts
    D:12: 3484 daAuts
    D:11: 3190 daAuts
Spider:3: 3150 daAuts
   Zot:4: 3110 daAuts
   Zot:2: 3106 daAuts
 Swamp:3: 3100 daAuts
    D:10: 2916 daAuts
    D:15: 2616 daAuts
Spider:4: 2603 daAuts
    D:14: 2590 daAuts
Vaults:4: 2562 daAuts
